 Dungeon Crawl Stone Soup version 0.32-a0-18-g89e19f1974 (webtiles) character file.

Game seed: 16623378137330011783

5881 tilp the Covert (level 10, -9/76 HPs)
             Began as a Vampire Enchanter on Jan 16, 2024.
             Was a Priest of Wu Jian.
             Mangled by a hornet (11 damage)
             ... while paralysed by a hornet
             ... on level 10 of the Dungeon.
             The game lasted 00:16:33 (10093 turns).

tilp the Covert (Vampire Enchanter)                Turns: 10093, Time: 00:16:34

Health: -9/76      AC:  7    Str:  7    XL:     10   Next: 52%
Magic:  15/17      EV:  2    Int: 21    God:    Wu Jian [***...]
Gold:   671        SH:  0    Dex: 16    Spells: 6/19 levels left

rFire   . . .        a - +1 dagger (freeze)
rCold   + . .        (no shield)
rNeg    + . .        A - +1 robe {rC+}
rPois   .            k - +1 helmet
rElec   .            (no cloak)
rCorr   .            s - +0 pair of gloves
SInv    +            p - +0 pair of boots
Will    +....        (no amulet)
Stlth   ++++         F - ring of positive energy
HPRegen 0.52/turn    (no ring)
MPRegen 0.15/turn

%: no passive effects
@: paralysed, lethally poisoned (-9 -> -19), healing quickly, slowed
A: alive, fangs 3, see invisible, vampiric 2
a: Exsanguinate, Renounce Religion, Wall Jump, Serpent's Lash


You were on level 10 of the Dungeon.
You worshipped Wu Jian.
Wu Jian was most pleased with you.
You visited 2 branches of the dungeon, and saw 11 of its levels.

You collected 791 gold pieces.
You spent 120 gold pieces at shops.

Inventory:

Hand Weapons
 a - a +1 dagger of freezing (weapon)
 b - a +2 dagger of draining
 v - a +1 dagger
 w - a +0 falchion of flaming
Missiles
 f - 12 boomerangs
 r - 6 darts of dispersal
 u - 11 poisoned darts (quivered)
 B - a throwing net
 G - a curare-tipped dart
Armour
 k - a +1 helmet (worn)
 p - a +0 pair of boots (worn)
 s - a +0 pair of gloves (worn)
 A - a +1 robe of cold resistance (worn)
 J - a +0 robe of willpower
 L - an orb of guile
Magical Staves
 o - a staff of fire
Jewellery
 j - a ring of fire
 F - a ring of positive energy (left hand)
Wands
 C - a wand of polymorph (4)
 M - a wand of acid (4)
 O - a wand of paralysis (8)
Scrolls
 g - a scroll of fear
 i - a scroll of fog
 q - 2 scrolls of revelation
 t - 2 scrolls of amnesia
 y - a scroll of summoning
 D - a scroll of silence
 E - a scroll of teleportation
 I - a scroll of vulnerability
Potions
 c - 3 potions of invisibility
 d - 2 potions of might
 e - a potion of berserk rage
 h - 4 potions of magic
 l - 4 potions of curing
 m - a potion of mutation
 n - 2 potions of brilliance
 x - 2 potions of heal wounds
 z - a potion of ambrosia
 H - a potion of enlightenment {unknown}
 K - a potion of attraction {unknown}
 N - a potion of lignification {unknown}


   Skills:
 - Level 6.0 Fighting
 - Level 3.8(6.7) Short Blades
 * Level 7.9(8.2) Long Blades
 - Level 6.0 Dodging
 + Level 9.9 Stealth
 - Level 5.0 Spellcasting
 - Level 2.0 Conjurations
 - Level 8.0 Hexes
 + Level 2.8 Translocations
 - Level 2.0 Ice Magic


You had 6 spell levels left.
You knew the following spells:

 Your Spells              Type           Power      Damage    Failure   Level
a - Ensorcelled Hibernat  Hex/Ice        52%        N/A       1%          2
b - Confusing Touch       Hex            38%        N/A       1%          3
c - Tukima's Dance        Hex            38%        N/A       1%          3
d - Dazzling Flash        Conj/Hex       52%        N/A       4%          3
e - Blink                 Tloc           34%        N/A       5%          2

Your spell library contained the following spells:

 Spells                   Type           Power      Damage    Failure   Level
 Magic Dart               Conj           52%        1d5       4%          1
 Inner Flame              Hex/Fire       22%        N/A       6%          3
 Sting                    Conj/Alch      36%        1d5       7%          1
 Call Imp                 Summ           10%        N/A       16%         2
 Mercury Vapours          Alch/Air       10%        N/A       16%         2
 Flame Wave               Conj/Fire      9%         2d6       56%         4
 Olgreb's Toxic Radiance  Alch           5%         N/A       71%         4
 Sticky Flame             Fire/Alch      5%         2d4       71%         4


Dungeon Overview and Level Annotations

Branches:
Dungeon (10/15)            Temple (1/1) D:4
   Lair: D:8-11         Orc: D:9-12

Altars:
Ashenzari
Cheibriados
Dithmenos
Fedhas
Gozag
Hepliaklqana
Kikubaaqudgha
Makhleb
Nemelex Xobeh
Okawaru
Qazlal
Ru
Sif Muna
Trog
Uskayaw
Vehumet
Wu Jian
Xom
Yredelemnul

Shops:
D:1 !   D:7 *


Innate Abilities, Weirdness & Mutations

Your natural rate of healing is accelerated.
You have razor-sharp teeth.
You have supernaturally acute eyesight. (SInv)
You are afflicted with vampirism and can become a bat while bloodless.


Message History

The kobold brigand is heavily wounded.
The hornet stings you.
You are poisoned.
You feel yourself slow down.
You hit the kobold brigand. You freeze the kobold brigand.
The kobold brigand is severely wounded.
You feel very sick.
The kobold hits you with a +0 short sword.
The kobold brigand barely misses you. The hornet stings you!
You suddenly lose the ability to move!
You feel yourself speed up.
You feel sick. The hornet stings you.
You shrug off the repeated paralysis!
The kobold hits you but does no damage.
The kobold brigand hits you with a +0 short sword.
The hornet stings you!
* * * LOW HITPOINT WARNING * * *
You feel yourself slow down.
You can move again.
Unknown command.
You feel very sick.
The hornet stings you but does no damage.
You feel yourself speed up.
You feel sick. The hornet stings you!
* * * LOW HITPOINT WARNING * * *
You feel yourself slow down.
Unknown command.
Casting: Ensorcelled Hibernation (safe; 1% risk of failure)
Confirm with . or Enter, or press ? or * to list all spells.
Aiming: Ensorcelled Hibernation (safe; 1% risk of failure)
Press: ? - help, Shift-Dir - straight line, f - hornet
Aim: a hornet (chance to affect: 49%)
The hornet resists with some effort.
You feel sick. The hornet barely misses you. The hornet stings you.
* * * LOW HITPOINT WARNING * * *
You are lethally poisoned!
You suddenly lose the ability to move!
* * * LOW HITPOINT WARNING * * *
You feel very sick. The hornet stings you!
You die...

#.#.# # .#.#
##....# ##
..#... .#
....##.# #....
.# # #.#K##.#.#
#.)K#@...#
########.Ky....#
..............##
#######......##
#..........###
...#####..#.#
...#####..#.#
#........#.####
#######..#.##.##


You could see a hornet and a kobold.

Vanquished Creatures
  Pikel (D:7)
  An unseen horror (D:8)
  3 trolls
  2 hornets (D:9)
  5 yaks (D:10)
  A steam dragon (D:9)
  2 water moccasins (D:7)
  2 orc warriors (D:8)
  2 black bears
  An ice beast (D:7)
  2 ogres
  5 centaurs
  4 lemures (D:7)
  4 kobold brigands
  2 bullfrogs
  9 scorpions
  2 wights (D:9)
  A killer bee (D:7)
  3 bombardier beetles
  2 hounds
  2 orc priests
  2 gnoll boudas
  A jelly (D:7)
  9 orc wizards
  4 iguanas
  Robin (D:3)
  10 gnolls
  6 adders
  A shadow imp (D:5)
  A white imp (D:5)
  2 ufetubi (D:7)
  4 ribbon worms
  4 dart slugs
  20 orcs
  6 endoplasms
  6 giant cockroaches
  16 goblins
  10 hobgoblins
  12 jackals
  25 kobolds
  2 quokkas
  6 ball pythons
  5 bats
  8 frilled lizards
  9 rats
226 creatures vanquished.

Vanquished Creatures (collateral kills)
  A wight (D:9)
1 creature vanquished.

Grand Total: 227 creatures vanquished

Notes
Turn   | Place    | Note
-------+----------+-------------------------------------------
     0 | D:1      | tilp the Vampire Enchanter began the quest for the Orb.
     0 | D:1      | Reached XP level 1. HP: 13/13 MP: 3/3
   113 | D:1      | Reached XP level 2. HP: 19/20 MP: 5/5
   116 | D:1      | Learned a level 2 spell: Ensorcelled Hibernation
   230 | D:1      | Found Vojuil's Distillery.
   402 | D:1      | Bought a potion of degeneration for 10 gold pieces
   507 | D:1      | Gained mutation: You are afflicted with vampirism and can
                  | become a bat while bloodless. [Vampire growth]
   507 | D:1      | Reached XP level 3. HP: 19/25 MP: 1/6
   517 | D:1      | Learned a level 3 spell: Confusing Touch
   694 | D:1      | Reached skill level 1 in Fighting
   854 | D:1      | Reached skill level 1 in Long Blades
  1164 | D:2      | Reached XP level 4. HP: 32/32 MP: 4/7
  1251 | D:2      | Reached skill level 5 in Hexes
  1418 | D:2      | Reached skill level 1 in Ice Magic
  1869 | D:1      | Bought 2 potions of curing for 60 gold pieces
  2111 | D:3      | Found a basalt altar of Yredelemnul.
  2489 | D:3      | Noticed Robin
  2496 | D:3      | Noticed a scorpion
  2501 | D:3      | Killed a scorpion
  2502 | D:3      | Reached skill level 5 in Stealth
  2502 | D:3      | Reached XP level 5. HP: 22/38 MP: 3/8
  2542 | D:3      | Killed Robin
  2721 | D:3      | Found a burning altar of Makhleb.
  3015 | D:3      | Reached XP level 6. HP: 17/44 MP: 4/9
  3155 | D:3      | Found a faded altar of an unknown god.
  3391 | D:4      | Found a staircase to the Ecumenical Temple.
  3401 | Temple   | Entered the Ecumenical Temple
  3410 | Temple   | Became a worshipper of the Wu Jian Council
  3550 | D:4      | Found a sparkling altar of Nemelex Xobeh.
  3641 | D:4      | Found a broken altar of Ashenzari.
  4405 | D:5      | Entered Level 5 of the Dungeon
  4415 | D:5      | Reached XP level 7. HP: 51/51 MP: 11/11
  4422 | D:5      | Reached * piety under Wu Jian
  4581 | D:5      | Learned a level 3 spell: Tukima's Dance
  4844 | D:5      | HP: 2/52 [burnt (4)]
  4975 | D:5      | Reached skill level 6 in Stealth
  4976 | D:5      | Found a shimmering blue altar of Sif Muna.
  5051 | D:5      | Reached XP level 8. HP: 58/58 MP: 12/12
  5457 | D:1      | Bought a potion of heal wounds for 50 gold pieces
  5463 | D:1      | Learned a level 3 spell: Dazzling Flash
  6119 | D:6      | Found an iron altar of Okawaru.
  6347 | D:7      | Found Ygugiur's General Store.
  6349 | D:7      | Reached ** piety under Wu Jian
  6385 | D:7      | Reached skill level 7 in Stealth
  6385 | D:7      | Reached skill level 1 in Conjurations
  6499 | D:7      | Reached skill level 5 in Long Blades
  6499 | D:7      | Reached XP level 9. HP: 56/66 MP: 7/14
  6611 | D:7      | Found a sacrificial altar of Ru.
  6613 | D:7      | Noticed Pikel
  6846 | D:7      | Killed Pikel
  6847 | D:7      | Reached skill level 5 in Fighting
  7031 | D:7      | Reached skill level 5 in Dodging
  7454 | D:7      | Learned a level 2 spell: Blink
  7589 | D:8      | Reached skill level 8 in Stealth
  7831 | D:8      | Noticed an unseen horror
  7836 | D:8      | Killed an unseen horror
  7981 | D:8      | Noticed a troll
  7999 | D:8      | Killed a troll
  8000 | D:8      | Reached skill level 1 in Translocations
  8254 | D:9      | Reached XP level 10. HP: 76/76 MP: 11/17
  8476 | D:9      | Found an opulent altar of Gozag.
  8967 | D:9      | Reached skill level 9 in Stealth
  9340 | D:9      | Reached skill level 5 in Spellcasting
  9550 | D:9      | Found a snail-covered altar of Cheibriados.
  9607 | D:10     | Entered Level 10 of the Dungeon
  9983 | D:10     | Reached *** piety under Wu Jian
 10088 | D:10     | Paralysed by a hornet for 2 turns
 10092 | D:10     | Paralysed by a hornet for 2 turns
 10093 | D:10     | HP: 2/76 [poisoned by a hornet]
 10093 | D:10     | Mangled by a hornet

Illustrated notes

Levels and vault maps discovered:
D:1:      dpeg_arrival_windows_large_door, layout_rooms, serial_shops,
          nicolae_shop_industrial_runoff
D:2:      minmay_spotlight, layout_basic
D:3:      layout_basic, bloody_makhleb, yredelemnul_altar_generic,
          chequers_ecumenical_altar_grove, kennysheep_generic_room_12,
          uniq_robin
D:4:      layout_loops_ring, mainiacjoe_overflow_big_doors,
          nemelex_dance_club_becter, minmay_temple_entry_enclosed_plants
D:5:      layout_rooms, mainiacjoe_overflow_concentric_impassable,
          chequers_serial_rivers_small_3, minmay_misc_feat_plants
D:6:      layout_rooms, marbit_many_paths
D:7:      layout_rooms, mainiacjoe_overflow_cross_hatched, serial_shops, shop,
          kennysheep_opposing_triangles, uniq_pikel
D:8:      layout_basic, kennysheep_flooded_box
D:9:      layout_layer_cave, amcnicky_altar_gilded, slow_altar_2
D:10:     layout_loops_ring, david_orc_4
Temple:   nicolae_temple_ecumenical_triangle

Skill      XL: |  1  2  3  4  5  6  7  8  9 10 |
---------------+-------------------------------+-----
Fighting       | 1 2 3 4 5 6 |  6.0
Long Blades    | 1 2 3 5 6 7 |  7.9
Hexes          | 5 6 7 8 |  8.0
Ice Magic      | 1 2 |  2.0
Short Blades   | 2 3 |  3.8
Stealth        | 5 6 7 8 9 |  9.9
Dodging        | 3 4 5 6 |  6.0
Spellcasting   | 3 4 5 |  5.0
Conjurations   | 1 2 |  2.0
Translocations | 1 2 |  2.8

Action                     |  1- 3 |  4- 6 |  7- 9 | 10-12 || total
---------------------------+-------+-------+-------+-------++-------
  Melee: Dagger            |   151 |   220 |   223 |    78 ||   672
         Bite              |    14 |    16 |    27 |     7 ||    64
         Punch             |     2 |       |     1 |     1 ||     4
  Throw: Stone             |     1 |     1 |       |       ||     2
         Dart              |       |       |     1 |       ||     1
   Cast: Ensorcelled Hiber |    17 |    34 |    59 |    27 ||   137
         Confusing Touch   |       |     3 |     7 |     3 ||    13
         Tukima's Dance    |       |       |     1 |     5 ||     6
Ability: Lunge             |       |     9 |    20 |    14 ||    43
         Whirlwind         |       |       |     3 |       ||     3
    Use: Scroll            |     2 |     9 |     7 |     1 ||    19
         Potion            |       |       |     3 |       ||     3
   Stab: Sleeping          |    13 |    31 |    46 |    24 ||   114
         Confused          |       |     2 |     8 |     2 ||    12
         Invisible         |       |       |     1 |       ||     1
 Armour: Robe              |    90 |    98 |    92 |    35 ||   315
  Dodge: Dodged            |   104 |   114 |   114 |    33 ||   365

Table legend: (Time is in decaauts)
 A = Elapsed time spent in this place.
 B = Non-inter-level travel time spent in this place.
 C = Inter-level travel time spent in this place.
 D = Time resting spent in this place.
 E = Time spent auto-exploring this place.
 F = Levels seen in this place.
 G = Mean time per level.
                   A        B        C        D        E       F      G
               +--------+--------+--------+--------+--------+-----+--------+
         Total |  10011 |   9337 |    674 |    692 |   6815 |  11 |  910.1 |
       Dungeon |   9993 |   9336 |    657 |    692 |   6815 |  10 |  999.3 |
        Temple |     18 |      1 |     17 |      0 |      0 |   1 |   18.0 |
               +--------+--------+--------+--------+--------+-----+--------+

Top non-repeatable levels by time:
     D:3: 1517 daAuts
     D:9: 1395 daAuts
     D:7: 1101 daAuts
     D:1: 1039 daAuts
     D:4: 1011 daAuts
     D:2: 1001 daAuts
     D:5: 945 daAuts
     D:6: 759 daAuts
     D:8: 748 daAuts
    D:10: 473 daAuts
  Temple: 18 daAuts
